 Dungeon Crawl Stone Soup version 0.26-a0-958-gf3041fb45f (webtiles) character file.

Game seed: 6699621319704269183

74 robertstho the Shield-Bearer (level 4, 0/29 HPs)
             Began as a Gargoyle Fighter on Nov 30, 2020.
             Slain by an orc wizard
             ... wielding a +0 dagger
              (2 damage)
             ... on level 2 of the Dungeon.
             The game lasted 00:00:51 (607 turns).

robertstho the Shield-Bearer (Gargoyle Fighter)      Turns: 607, Time: 00:00:52

Health: 0/29       AC: 10    Str: 20    XL:     4   Next: 30%
Magic:  4/4        EV:  7    Int:  9    God:
Gold:   47         SH:  9    Dex:  9    Spells: 3/3 levels left

rFire    . . .     SeeInvis .   a - +0 war axe
rCold    . . .     Faith    .   c - +0 kite shield
rNeg     + . .     Spirit   .   b - +0 scale mail
rPois    ∞         Reflect  .   (no helmet)
rElec    +         Harm     .   (no cloak)
rCorr    .         Rampage  .   (no gloves)
MR       .....                  (no boots)
Stlth    ..........             (no amulet)
HPRegen  0.09/turn              (no ring)
MPRegen  0.09/turn              (no ring)

@: mighty, attractive
A: negative energy resistance 1, electricity resistance, unbreathing,
petrification resistance, rot immunity, AC +3
a: no special abilities


You were on level 2 of the Dungeon.
You visited 1 branch of the dungeon, and saw 2 of its levels.

You collected 47 gold pieces.

Inventory:

Hand Weapons
 a - a +0 war axe (weapon)
Armour
 b - a +0 scale mail (worn)
 c - a +0 kite shield (worn)
Jewellery
 k - an uncursed amulet of the acrobat {unknown}
Scrolls
 e - 4 scrolls of identify {unknown}
 f - a scroll of amnesia {unknown}
 h - a scroll of blinking {unknown}
 i - a scroll of immolation {unknown}
 j - a scroll of magic mapping {unknown}


   Skills:
 + Level 3.7 Fighting
 + Level 2.7 Axes
 + Level 3.5 Armour
 + Level 0.2 Dodging
 + Level 4.1 Shields


You had 3 spell levels left.
You didn't know any spells.
Your spell library was empty.

Dungeon Overview and Level Annotations

Branches:
Dungeon (1/15)

Altars:


Innate Abilities, Weirdness & Mutations

You are resistant to torment.
Your stone body is resilient. (AC +3)
You are immune to poison.
You resist negative energy. (rN+)
You are resistant to electric shocks. (rElec)
You can survive without breathing.
You are immune to petrification.
You are immune to rotting.


Message History

Unknown command.
You closely miss the orc wizard.
The orc wizard hits you but does no damage.
Unknown command.
You hit the orc wizard.
The orc wizard is lightly wounded.
The orc wizard cheers loudly.
The orc wizard hits you but does no damage.
The orc wizard points at you and mumbles some strange words.
The magic dart hits you.
* * * LOW HITPOINT WARNING * * *
You barely miss the orc wizard.
The orc wizard is lightly wounded.
You block the orc wizard's attack.
The orc wizard hits you but does no damage.
Unknown command.
You slash the orc wizard!
The orc wizard is heavily wounded.
The orc wizard hits you with a +0 dagger.
You die...

#.. ................
...###########.#####.
#.#.# #.# ...# #.#
#.#########.#
#...........#
#.########### #.# #@#
#.!o[......
##......### +.......#
#.......# #.......#
#.......# #...>...#


You could see an orc wizard.

Vanquished Creatures
  An orc priest (D:2)
  2 adders (D:2)
  3 orcs (D:2)
  A giant cockroach (D:1)
  5 goblins
  3 hobgoblins (D:1)
  5 kobolds
  4 frilled lizards
  7 rats
31 creatures vanquished.

Notes
Turn   | Place    | Note
-------+----------+-------------------------------------------
     0 | D:1      | robertstho the Gargoyle Fighter began the quest for the
                  | Orb.
     0 | D:1      | Reached XP level 1. HP: 14/14 MP: 1/1
   200 | D:1      | Reached XP level 2. HP: 18/19 MP: 2/2
   400 | D:1      | You fall into a shaft and drop 1 floor!
   423 | D:2      | Reached XP level 3. HP: 21/24 MP: 3/3
   438 | D:2      | Reached skill level 4 in Shields
   603 | D:2      | Reached XP level 4. HP: 3/29 MP: 4/4
   607 | D:2      | Slain by an orc wizard

Illustrated notes

Levels and vault maps discovered:
D:1:      zelgadis_glass_arrival_small, layout_basic,
          chequers_serial_rivers_small_a, minmay_strange_pillars
D:2:      layout_basic

Skill      XL: |  1  2  3 |
---------------+----------+-----
Axes           | 2 |  2.7
Shields        | 4 |  4.1
Fighting       | |  3.7
Armour         | |  3.5
Dodging        | |  0.2

Action                   |  1- 3 |  4- 6 || total
-------------------------+-------+-------++-------
Melee: War axe           |    61 |     5 ||    66
  Use: Potion            |     2 |       ||     2
Armor: Scale mail        |    48 |     3 ||    51
Dodge: Dodged            |    31 |       ||    31
Block: Kite shield       |    49 |     1 ||    50

Table legend: (Time is in decaauts)
 A = Elapsed time spent in this place.
 B = Non-inter-level travel time spent in this place.
 C = Inter-level travel time spent in this place.
 D = Time resting spent in this place.
 E = Time spent auto-exploring this place.
 F = Levels seen in this place.
 G = Mean time per level.
                   A        B        C        D        E       F      G
               +--------+--------+--------+--------+--------+-----+--------+
         Total |    641 |    641 |      0 |      0 |    496 |   2 |  320.5 |
       Dungeon |    641 |    641 |      0 |      0 |    496 |   2 |  320.5 |
               +--------+--------+--------+--------+--------+-----+--------+

Top non-repeatable levels by time:
     D:1: 421 daAuts
     D:2: 220 daAuts
